 Dungeon Crawl Stone Soup version 0.31.0-11-ge490571c62 (webtiles) character file.

Game seed: 3043697780185459759

4526 solopath the Basher (level 10, -5/107 HPs)
             Began as an Oni Berserker on Jan 29, 2024.
             Was an Elder of Trog.
             Slain by an orc warrior
             ... wielding a +0 scimitar
              (12 damage)
             ... on level 9 of the Dungeon.
             The game lasted 00:10:40 (10554 turns).

solopath the Basher (Oni Berserker)                Turns: 10554, Time: 00:10:41

Health: -5/107     AC:  4    Str: 27    XL:     10   Next: 39%
Magic:  10/10      EV: 10    Int:  8    God:    Trog [****..]
Gold:   1642       SH:  0    Dex:  8    Spells: 9/9 levels left

rFire   . . .        g - +0 dire flail
rCold   . . .        (shield currently unavailable)
rNeg    . . .        b - +1 animal skin
rPois   .            (helmet restricted)
rElec   .            i - scarf {harm}
rCorr   .            (gloves unavailable)
SInv    .            (boots unavailable)
Will    +....        (no amulet)
Stlth   +            (no ring)
HPRegen 0.37/turn    (no ring)
MPRegen 0.12/turn

%: harm (+30% outgoing, +20% incoming)
@: confused, ambrosia-drunk, on berserk cooldown, slowed, very slow
A: large, unfitting armour, horns 1, tough skin 1, double potion healing,
drunken brawling
a: Renounce Religion, Berserk, Trog's Hand, Brothers in Arms


You were on level 9 of the Dungeon.
You worshipped Trog.
Trog was greatly pleased with you.
You visited 2 branches of the dungeon, and saw 10 of its levels.

You collected 1642 gold pieces.

Inventory:

Hand Weapons
 a - a +0 mace
 g - a +0 dire flail (weapon)
 r - a +0 giant club
 u - a +0 hand axe of flaming
Missiles
 y - 12 poisoned darts (quivered)
Armour
 b - a +1 animal skin (worn)
 i - a scarf of harm (worn)
Jewellery
 c - an amulet of faith
 p - a ring of willpower
Wands
 j - a wand of mindburst (19)
 k - a wand of digging (5)
 t - a wand of paralysis (10)
 x - a wand of quicksilver (1)
Scrolls
 d - a scroll of amnesia
 e - 4 scrolls of poison
 f - a scroll of revelation
 h - a scroll of fear
 l - 3 scrolls of blinking
 w - a scroll of teleportation
Potions
 n - a potion of haste
 v - a potion of might
 z - a potion of curing
 A - a potion of attraction


   Skills:
 - Level 9.5 Fighting
 * Level 12.9 Maces & Flails
 - Level 4.0 Throwing
 - Level 2.6 Dodging


You had 9 spell levels left.
You didn't know any spells.
Your spell library was empty.

Dungeon Overview and Level Annotations

Branches:
Dungeon (9/15)             Temple (1/1) D:5            Lair (0/5) D:8
    Orc: D:9-12

Altars:
Ashenzari
Cheibriados
Dithmenos
Elyvilon
Fedhas
Gozag
Hepliaklqana
Kikubaaqudgha
Makhleb
Nemelex Xobeh
Okawaru
Qazlal
Ru
Sif Muna
Trog
Uskayaw
Vehumet
Wu Jian
Xom
Yredelemnul
Zin
The Shining One

Annotations:
D:7 1 runed translucent door, Crazy Yiuf


Innate Abilities, Weirdness & Mutations

You are too large for most types of armour.
You have a pair of small horns on your head.
You have tough skin. (AC +1)
You gain doubled healing and magic from potions.
Whenever you drink a healing potion, you attack all around you.


Message History

You barely miss the orc warrior.
You headbutt the orc warrior, but do no damage.
The orc warrior is moderately wounded.
The orc warrior barely misses you.
You hit the orc warrior but do no damage.
Your headbutt misses the orc warrior.
The orc warrior is moderately wounded.
The orc warrior misses you.
You closely miss the orc warrior.
The orc warrior is moderately wounded.
The orc warrior hits you with a +0 scimitar!
You hit the orc warrior.
You headbutt the orc warrior, but do no damage.
The orc warrior is heavily wounded.
The orc warrior barely misses you.
You barely miss the orc warrior.
The orc warrior is heavily wounded.
The orc warrior looks more healthy.
The orc warrior closely misses you.
You closely miss the orc warrior.
The orc warrior is heavily wounded.
The orc warrior hits you with a +0 scimitar!
* * * LOW HITPOINT WARNING * * *
Unknown command.
You closely miss the orc warrior.
The orc warrior is heavily wounded.
The orc warrior hits you with a +0 scimitar!
* * * LOW HITPOINT WARNING * * *
Unknown command.
You fail to use your ability.
The orc warrior closely misses you.
Unknown command.
You take a swig of the potion and twirl your +0 dire flail.
You closely miss the orc warrior.
You headbutt the orc warrior, but do no damage.
The orc warrior is heavily wounded.
You are confused.
You savour every drop.
You feel invigorated.
The orc warrior hits you with a +0 scimitar!
* * * LOW HITPOINT WARNING * * *
The orc warrior hits you with a +0 scimitar!
You die...

###########...##...#
...<.....'.....+(..#
.........#.....#...#
.........#.....#...#
########'##...##.).#
.........#...##...#
.........#....[...#
.........#.....o..#
.........#.....@..+
.........#........#
.........#......))#
.........+......))#
.........######...#
#...# #...# #...#
#...#


You could see an orc warrior.

Vanquished Creatures
  A boulder beetle (D:7)
  A hornet (D:8)
  A yak (D:7)
  A wyvern (D:7)
  A basilisk (D:8)
  2 water moccasins (D:7)
  6 sky beasts
  2 black bears
  3 ogres
  A centaur (D:7)
  A phantom (D:6)
  A kobold brigand (D:8)
  4 bullfrogs
  2 gnoll sergeants
  5 scorpions
  4 wights
  2 electric eels (D:8)
  A bombardier beetle (D:5)
  3 hounds
  3 jellies
  2 orc priests
  A gnoll bouda (D:7)
  2 iguanas (D:5)
  4 orc wizards
  2 sleepcaps
  12 adders
  14 gnolls
  A shadow imp (D:7)
  5 white imps
  10 ufetubi
  A ribbon worm (D:2)
  6 dart slugs
  18 orcs
  5 bats
  3 endoplasms
  3 giant cockroaches
  5 goblins
  5 hobgoblins
  2 jackals (D:4)
  15 kobolds
  A quokka (D:5)
  9 ball pythons
  3 frilled lizards
  5 rats
179 creatures vanquished.

Notes
Turn   | Place    | Note
-------+----------+-------------------------------------------
     0 | D:1      | solopath the Oni Berserker began the quest for the Orb.
     0 | D:1      | Reached XP level 1. HP: 24/24 MP: 1/1
   214 | D:1      | Reached XP level 2. HP: 32/32 MP: 2/2
   394 | D:1      | Reached XP level 3. HP: 40/40 MP: 3/3
   853 | D:2      | Reached ** piety under Trog
   915 | D:2      | Reached skill level 4 in Maces & Flails
  1027 | D:2      | Reached XP level 4. HP: 49/49 MP: 4/4
  1138 | D:2      | Reached skill level 5 in Fighting
  1250 | D:2      | Found a burning altar of Makhleb.
  1833 | D:3      | Reached XP level 5. HP: 57/57 MP: 5/5
  2082 | D:3      | Found a faded altar of an unknown god.
  2190 | D:3      | Reached skill level 5 in Maces & Flails
  2490 | D:4      | Reached XP level 6. HP: 60/67 MP: 6/6
  2795 | D:4      | Reached skill level 6 in Maces & Flails
  3390 | D:4      | Reached *** piety under Trog
  3534 | D:4      | Reached XP level 7. HP: 29/76 MP: 7/7
  3900 | D:5      | Entered Level 5 of the Dungeon
  4243 | D:5      | Found a staircase to the Ecumenical Temple.
  4260 | Temple   | Entered the Ecumenical Temple
  4285 | D:5      | Reached skill level 7 in Maces & Flails
  4766 | D:5      | Reached XP level 8. HP: 71/88 MP: 8/8
  4801 | D:5      | Reached skill level 8 in Maces & Flails
  5046 | D:5      | Found a shimmering altar of Xom.
  5051 | D:5      | Found a white marble altar of Elyvilon.
  5052 | D:5      | Found a hazy altar of Hepliaklqana.
  5053 | D:5      | Found a bloodstained altar of Trog.
  5057 | D:5      | Found an opulent altar of Gozag.
  5673 | D:6      | Identified the +1 chain mail of the Iron Devil {rC+ Regen+
                  | Int+2}
  5965 | D:6      | Reached skill level 9 in Maces & Flails
  6509 | D:6      | Found a radiant altar of Vehumet.
  7140 | D:7      | Reached XP level 9. HP: 79/100 MP: 9/9
  7390 | D:7      | Reached skill level 10 in Maces & Flails
  7390 | D:7      | Reached skill level 1 in Throwing
  7709 | D:7      | Noticed a boulder beetle
  7899 | D:7      | Killed a boulder beetle
  7900 | D:7      | Reached skill level 11 in Maces & Flails
  8620 | D:7      | Reached XP level 10. HP: 101/107 MP: 10/10
  8652 | D:7      | Found a runed translucent door.
  8653 | D:7      | Noticed Crazy Yiuf
  8688 | D:8      | Found a staircase to the Lair.
  8703 | D:7      | Reached skill level 12 in Maces & Flails
  9342 | D:8      | Reached **** piety under Trog
  9989 | D:8      | Found a shadowy altar of Dithmenos.
 10439 | D:8      | Identified a scroll of acquirement
 10439 | D:8      | Acquired 1138 gold pieces
 10554 | D:9      | Slain by an orc warrior

Illustrated notes

Levels and vault maps discovered:
D:1:      minmay_arrival_arboretum_large, layout_basic, corner_web_ring
D:2:      kb_forest_paths, layout_basic, basic_altar
D:3:      layout_loops_ring, hellmonk_ecumenical_altar_run_dry
D:4:      layout_layer_cave
D:5:      layout_basic, minitemple, minmay_temple_entry_offerings,
          kennysheep_cross_room, corexii_corridor_pit
D:6:      layout_loops_ring, mainiacjoe_overflow_alcove_4
D:7:      cheibrodos_fzero, layout_rooms, uniq_crazy_yiuf_cottage
D:8:      layout_basic, mainiacjoe_overflow_chevrons, david_lair_generic,
          serial_co_window_serial, co_window_of_opportunity_a,
          co_window_corner_a, co_window_corner_a, co_window_paths_b,
          co_window_paths_a, co_window_unsneaky_path_b,
          co_window_of_opportunity_b, co_window_2corner, co_window_4corner_b,
          glass_columns_c, glass_columns_b, kennysheep_big_empty_room
D:9:      layout_gridville, serial_shops, shop, lemuel_flamethrower_2,
          uniq_jeremiah
Temple:   hellmonk_temple_of_storms

Skill      XL: |  1  2  3  4  5  6  7  8  9 10 |
---------------+-------------------------------+-----
Maces & Flails | 4 5 6 7 9 11 12 | 12.9
Fighting       | 5 6 7 9 |  9.5
Throwing       | 4 |  4.0
Dodging        | |  2.6

Action                     |  1- 3 |  4- 6 |  7- 9 | 10-12 || total
---------------------------+-------+-------+-------+-------++-------
  Melee: Mace              |    78 |   122 |   246 |       ||   446
         Headbutt          |     9 |    13 |    38 |    18 ||    78
         Punch             |     1 |     1 |     2 |       ||     4
         Dire flail        |       |       |    33 |    77 ||   110
  Throw: Dart              |       |       |    11 |    12 ||    23
 Invoke: Berserk           |     1 |     3 |     8 |     1 ||    13
  Evoke: Wand              |       |       |     2 |       ||     2
    Use: Potion            |       |       |     6 |     2 ||     8
         Scroll            |       |       |       |    12 ||    12
   Stab: Paralysed         |       |       |     2 |       ||     2
 Armour: Animal skin       |    51 |    84 |   258 |    51 ||   444
  Dodge: Dodged            |    40 |    59 |   158 |    34 ||   291
